 Dungeon Crawl Stone Soup version 0.23.2-33-g5129a83184 (webtiles) character file.

Game seed: 4069564757700001067

154 Derp the Slasher (level 5, -9/63 HPs)
             Began as a Demonspawn Berserker on July 14, 2019.
             Was a Believer of Trog.
             Killed by divine providence
             ... invoked by an orc priest
              (16 damage)
             ... on level 4 of the Dungeon.
             The game lasted 00:08:20 (2991 turns).

Derp the Slasher (Demonspawn Berserker)             Turns: 2991, Time: 00:08:20

Health: -9/63      AC:  9    Str: 24    XL:     5   Next: 13%
Magic:  5/5        EV: 11    Int:  8    God:    Trog [**....]
Gold:   88         SH:  0    Dex: 12    Spells: 4/4 levels left

rFire    . . .     SeeInvis .   a - +0 falchion
rCold    + . .     Gourm    .   (no shield)
rNeg     . . .     Faith    .   k - +0 scale mail
rPois    .         Spirit   .   m - +0 helmet
rElec    .         Reflect  .   (no cloak)
rCorr    .         Harm     .   (no gloves)
MR       ++...                  (no boots)
Stlth    ..........             (no amulet)
HPRegen  1.20/turn              (no ring)
MPRegen  0.09/turn              (no ring)

@: berserking, regenerating, very quick
A: icy blue scales 1, cold resistance 1
a: Berserk, Trog's Hand, Renounce Religion


You were on level 4 of the Dungeon.
You worshipped Trog.
Trog was pleased with you.
You were not hungry.

You visited 1 branch of the dungeon, and saw 4 of its levels.

You collected 88 gold pieces.

Inventory:

Hand Weapons
 a - a +0 falchion (weapon)
Armour
 k - a +0 scale mail (worn)
 m - a +0 helmet (worn)
Wands
 n - a wand of flame (15)
Scrolls
 b - 3 scrolls of enchant armour {unknown}
 c - 2 scrolls of fog
 g - 3 scrolls of remove curse
 h - a scroll of enchant weapon
 l - a scroll of fear {unknown}
 o - a scroll of noise {unknown}
 p - 3 scrolls of random uselessness
 s - a scroll of teleportation {unknown}
Potions
 e - a potion of heal wounds {unknown}
 j - a potion of curing {unknown}
Comestibles
 i - 3 rations


   Skills:
 + Level 3.8 Fighting
 + Level 4.2 Long Blades
 + Level 1.8 Armour
 + Level 2.7 Dodging
 + Level 0.6 Stealth


You had 4 spell levels left.
You didn't know any spells.
Your spell library was empty.

Dungeon Overview and Level Annotations

Branches:
Dungeon (4/15)
 Temple: D:4-7

Altars:


Innate Abilities, Weirdness & Mutations

You are partially covered in icy blue scales. (AC +2)
Your flesh is cold resistant. (rC+)


Message History

Your skin crawls.
You feel resistant to hostile enchantments.
You are feeling hungry.
The orc hits you but does no damage.
The orc priest hits you but does no damage.
Something hits you but does no damage.
A red film seems to cover your vision as you go berserk!
You feel yourself moving faster!
You feel mighty!
You are near starving!
The orc misses you.
The orc priest hits you but does no damage.
Something hits you but does no damage.
You eat one of the 4 rations.
That ration really hit the spot!
You feel a strong urge to attack something.
You hit the orc priest.
The orc priest is moderately wounded.
You feel the effects of Trog's Hand fading.
The orc priest invokes the aid of Beogh against you.
Beogh smites you!
You die...

###
###########.##############
..........#...............
..........+............>..
..........#.##......###.##
........o@{..+..........#
.........o#.##......##..#
..........#[##......##..#
..........#.##......###.##
..........#.##......# #..#
..........#.##......# #..#
..........#.##......# #...
o.........#+##......# #.#.
...............# #.#.


You could see an orc priest and an orc.

Vanquished Creatures
  A worker ant (D:4)
  A hound skeleton (D:4)
  Robin (D:3)
  A howler monkey skeleton (D:3)
  2 adders
  A leopard gecko (D:3)
  6 orcs
  5 bats
  3 giant cockroaches
  14 goblins
  10 hobgoblins
  2 jackals (D:3)
  2 ball pythons
  2 frilled lizards
  9 kobolds
  7 rats
67 creatures vanquished.

Notes
Turn   | Place    | Note
-------+----------+-------------------------------------------
     0 | D:1      | Derp the Demonspawn Berserker began the quest for the Orb.
     0 | D:1      | Reached XP level 1. HP: 18/18 MP: 1/1
   214 | D:1      | Gained mutation: You are partially covered in icy blue
                  | scales. (AC +2) [demonic ancestry]
   214 | D:1      | Reached XP level 2. HP: 12/24 MP: 2/2
  1456 | D:2      | Reached skill level 3 in Long Blades
  1535 | D:2      | Reached XP level 3. HP: 5/29 MP: 3/3
  1543 | D:2      | HP: 1/29 [poisoned by an adder]
  2092 | D:3      | Reached ** piety under Trog
  2139 | D:3      | Noticed Robin
  2169 | D:3      | Killed Robin
  2169 | D:3      | Gained mutation: Your flesh is cold resistant. (rC+)
                  | [demonic ancestry]
  2169 | D:3      | Reached XP level 4. HP: 13/35 MP: 4/4
  2902 | D:4      | Reached skill level 4 in Long Blades
  2902 | D:4      | Reached XP level 5. HP: 19/42 MP: 5/5
  2987 | D:4      | HP: 2/42 [orc priest/nerve-wracking pain (13)]
  2991 | D:4      | Killed from afar by an orc priest

Skill      XL: |  1  2  3  4 |
---------------+-------------+-----
Dodging        | 2 |  2.7
Long Blades    | 3 4 |  4.2
Fighting       | |  3.8
Armour         | |  1.8
Stealth        | |  0.6

Action                   |  1- 3 |  4- 6 || total
-------------------------+-------+-------++-------
Melee: Falchion          |   130 |    64 ||   194
Invok: Berserk           |     2 |     1 ||     3
       Trog's Hand       |     1 |     2 ||     3
  Use: Scroll            |     2 |     3 ||     5
 Stab: Sleeping          |     1 |     1 ||     2
  Eat: Ration            |     1 |     1 ||     2
       Chunk             |     1 |     5 ||     6
Armor: Animal skin       |    38 |    12 ||    50
       Scale mail        |       |    26 ||    26
Dodge: Dodged            |   107 |    54 ||   161
       Rpst.: Falchion   |    41 |    23 ||    64
